[ AOE2 MATCH · #483813985 ]
1v1 RMMongols vs Italians
Player's team · WIN
Rival team · LOSS
[ REPLAY ANALYSIS · EXTRACTED FROM THE RECORDED GAME ]
Feudal
—
Castle
—
Imperial
—
| APM avg | 65.3 |
| APM peak | 63 |
| eAPM avg | 30.7 |
| Villagers / military | 8 / 0 |
Focus
⚔️ 18.2% · 🌾 81.8%
Feudal
—
Castle
—
Imperial
—
| APM avg | 49.4 |
| APM peak | 53 |
| eAPM avg | 20.3 |
| Villagers / military | 9 / 0 |
Focus
⚔️ 18.2% · 🌾 81.8%
Match map
Initial resources + every placement click. Lines = walls · curves = elevation contours. ◆ gold · ⬟ stone · ● berries · ✦ relic · ◌ wall gap
Your base
mitrokhin's base
Smoothed initial terrain · ◌ = detected wall gap · hover for details
Inputs per minute
— OS+ | VoNDutcH - - mitrokhin
Build order — OS+ | VoNDutcH
15 actions detected in the replay
| 0:00 | Create | Villager (Male) |
| 0:00 | Create | Villager (Male) |
| 0:02 | Build | House |
| 0:02 | Build | House |
| 0:06 | Build | House |
| 0:07 | Build | House |
| 0:08 | Create | Villager (Male) |
| 0:12 | Build | House |
| 0:15 | Build | House |
| 0:15 | Create | Villager (Male) |
| 0:36 | Research | Loom |
| 1:21 | Create | Villager (Male) |
| 1:22 | Create | Villager (Male) |
| 1:48 | Create | Villager (Male) |
| 1:49 | Create | Villager (Male) |
Build order — mitrokhin
16 actions detected in the replay
| 0:01 | Create | Villager (Male) |
| 0:01 | Create | Villager (Male) |
| 0:01 | Create | Villager (Male) |
| 0:02 | Create | Villager (Male) |
| 0:03 | Build | House |
| 0:05 | Build | House |
| 0:09 | Build | House |
| 0:10 | Build | House |
| 0:14 | Build | House |
| 0:22 | Research | Loom |
| 0:22 | Research | Loom |
| 1:13 | Create | Villager (Male) |
| 1:13 | Create | Villager (Male) |
| 1:32 | Create | Villager (Male) |
| 1:40 | Create | Villager (Male) |
| 1:40 | Create | Villager (Male) |
Match timeline
| 1:49 | mitrokhin · resign |
[ AI ANALYSIS · 1 CREDIT ]
What really happened in this match?
Wolo.gg analyzes every decision: build order, eco, micro, common mistakes by bracket. Personalized analysis on WhatsApp or Discord in 30 seconds.
Civ guide
Mongols
Map guide
MegaRandom
Perfil
OS+ | VoNDutcH